3L
CHICAGO GOLD SOX @ LAS VEGAS FLAMINGOS
05/03/2027
 
TOP OF THE 1ST
Chicago Gold Sox batting - Pitching for Las Vegas Flamingos : RHP Melvin Haney
Pitching: RHP Melvin Haney
Batting: LHB Noel Ballard 0-0: Called Strike
0-1: Ball
1-1: SINGLE (Groundball, 56D)
Batting: LHB Stanley Belote 0-0: Foul Ball, location: 2F
0-1: Swinging Strike
0-2: Strikes out swinging
Batting: LHB Eddie Flynn 0-0: Foul Ball, location: 2F
0-1: Ball
1-1: Grounds into double play, 5-4-3 (Groundball, 5)
Top of the 1st over - 0 run(s), 1 hit(s), 0 error(s), 0 left on base; Chicago 0 - Las Vegas 0
BOTTOM OF THE 1ST
Las Vegas Flamingos batting - Pitching for Chicago Gold Sox : RHP Javier Dávila
Pitching: RHP Javier Dávila
Batting: RHB Sake van Arem 0-0: Foul Ball, location: 2F
0-1: Reached on error, E5 (Groundball, 56)
Batting: LHB Roberto Salazar 0-0: Called Strike
0-1: Ball
1-1: Fly out, F7 (Flyball, 7S)
Batting: LHB Victor Adams 0-0: Called Strike
0-1: SINGLE (Groundball, 4MD)
Sake van Arem to second
Batting: LHB Chris McKinney 0-0: Ball
1-0: Fly out, F9 (Flyball, 9)
Runner from 2nd tags up, SAFE at 3rd with throw
Batting: RHB Xavier Hernández 0-0: Foul Ball, location: 2F
0-1: Swinging Strike
0-2: Ball
1-2: Foul Ball, location: 2F
1-2: Ball
2-2: Fly out, F8 (Flyball, 8LD)
Bottom of the 1st over - 0 run(s), 1 hit(s), 1 error(s), 2 left on base; Chicago 0 - Las Vegas 0
TOP OF THE 2ND
Chicago Gold Sox batting - Pitching for Las Vegas Flamingos : RHP Melvin Haney
Batting: LHB Melvin Castro 0-0: Called Strike
0-1: Ball
1-1: Ball
2-1: Ball
3-1: Base on Balls
Batting: LHB Joe Cashmore 0-0: Ball
1-0: Ball
2-0: Foul Ball, location: 2F
2-1: Foul Ball, location: 2F
2-2: Foul Ball, location: 2F
2-2: Ground out 2-3 (Groundball, 15S)
Melvin Castro to second
Batting: LHB Naohiro Sakai 0-0: Ball
1-0: Called Strike
1-1: Ball
2-1: Swinging Strike
2-2: Ball
3-2: Fly out, F9 (Flyball, 9LSF)
Batting: LHB Arthur Ryan 0-0: Fly out, F9 (Flyball, 9D)
Top of the 2nd over - 0 run(s), 0 hit(s), 0 error(s), 1 left on base; Chicago 0 - Las Vegas 0
BOTTOM OF THE 2ND
Las Vegas Flamingos batting - Pitching for Chicago Gold Sox : RHP Javier Dávila
Batting: LHB José Alonso 0-0: Foul Ball, location: 2F
0-1: Swinging Strike
0-2: Ball
1-2: Strikes out swinging, 2-3 out at first.
Batting: RHB Jeff Young 0-0: Ball
1-0: Fly out, F7 (Flyball, 7)
Batting: SHB Kunimichi Chikafuji 0-0: Ball
1-0: Ground out U3 (Groundball, 34)
Bottom of the 2nd over - 0 run(s), 0 hit(s), 0 error(s), 0 left on base; Chicago 0 - Las Vegas 0
TOP OF THE 3RD
Chicago Gold Sox batting - Pitching for Las Vegas Flamingos : RHP Melvin Haney
Batting: RHB Ángel Rivera 0-0: Ball
1-0: Ground out 5-3 (Groundball, 5)
Batting: LHB Ricardo Collazo 0-0: Ball
1-0: Foul Ball, location: 2F
1-1: Foul Ball, location: 2F
1-2: Ball
2-2: Ball
3-2: Base on Balls
Batting: LHB Noel Ballard 0-0: Ball
1-0: Ball
2-0: Called Strike
2-1: Ball
3-1: Base on Balls
Ricardo Collazo to second
Batting: LHB Stanley Belote 0-0: Ball
1-0: Swinging Strike
1-1: Ball
2-1: Ball
3-1: Foul Ball, location: 2F
3-2: Base on Balls
Ricardo Collazo to third
Noel Ballard to second
Batting: LHB Eddie Flynn 0-0: Foul Ball, location: 2F
0-1: Ball
1-1: Foul Ball, location: 2F
1-2: Foul Ball, location: 2F
1-2: Fly out, F7 (Flyball, 7D)
Runner from 3rd tags up, SCORES, no throw
Noel Ballard to third
Batting: LHB Melvin Castro 0-0: Ball
1-0: Ball
2-0: Foul Ball, location: 2F
2-1: Ground out 3-1 (Groundball, 34S)
Top of the 3rd over - 1 run(s), 0 hit(s), 0 error(s), 2 left on base; Chicago 1 - Las Vegas 0
BOTTOM OF THE 3RD
Las Vegas Flamingos batting - Pitching for Chicago Gold Sox : RHP Javier Dávila
Batting: RHB Pepe Castroneves 0-0: Called Strike
0-1: Ball
1-1: Foul Ball, location: 2F
1-2: Ball
2-2: Strikes out swinging
Batting: RHB Sake van Arem 0-0: Called Strike
0-1: Ball
1-1: Ball
2-1: Foul Ball, location: 2F
2-2: Strikes out swinging
Batting: LHB Roberto Salazar 0-0: Ball
1-0: DOUBLE (Groundball, 3L)
Batting: LHB Victor Adams 0-0: Called Strike
0-1: Ground out 1-3 (Groundball, 13)
Bottom of the 3rd over - 0 run(s), 1 hit(s), 0 error(s), 1 left on base; Chicago 1 - Las Vegas 0
TOP OF THE 4TH
Chicago Gold Sox batting - Pitching for Las Vegas Flamingos : RHP Melvin Haney
Batting: LHB Joe Cashmore 0-0: Ball
1-0: Swinging Strike
1-1: Foul Ball, location: 2F
1-2: Ball
2-2: Ball
3-2: Fly out, F9 (Line Drive, 9LD)
Batting: LHB Naohiro Sakai 0-0: Called Strike
0-1: SINGLE (Groundball, 6D)
Batting: LHB Arthur Ryan 0-0: Ball
1-0: Called Strike
1-1: Foul Ball, location: 2F
1-2: Ball
2-2: Foul Ball, location: 2F
2-2: SINGLE (Flyball, 8LS)
Naohiro Sakai to second
Batting: RHB Ángel Rivera 0-0: Ball
1-0: Ball
2-0: Ball
3-0: Called Strike
3-1: Base on Balls
Naohiro Sakai to third
Arthur Ryan to second
Batting: LHB Ricardo Collazo 0-0: Called Strike
0-1: Ball
1-1: Swinging Strike
1-2: Ball
2-2: Foul Ball, location: 2F
2-2: Grounds into double play, 4-6-3 (Groundball, 34)
Top of the 4th over - 0 run(s), 2 hit(s), 0 error(s), 2 left on base; Chicago 1 - Las Vegas 0
BOTTOM OF THE 4TH
Las Vegas Flamingos batting - Pitching for Chicago Gold Sox : RHP Javier Dávila
Batting: LHB Chris McKinney 0-0: Called Strike
0-1: Ball
1-1: Fly out, F6 (Popup, 6MD)
Batting: RHB Xavier Hernández 0-0: Foul Ball, location: 2F
0-1: Swinging Strike
0-2: Ball
1-2: Strikes out swinging
Batting: LHB José Alonso 0-0: Ball
1-0: SINGLE (Line Drive, 89S)
Batting: RHB Jeff Young 0-0: Reached on error, E5 (Groundball, 56)
José Alonso to second
Batting: SHB Kunimichi Chikafuji 0-0: Foul Ball, location: 2F
0-1: Called Strike
0-2: Strikes out swinging
Bottom of the 4th over - 0 run(s), 1 hit(s), 1 error(s), 2 left on base; Chicago 1 - Las Vegas 0
TOP OF THE 5TH
Chicago Gold Sox batting - Pitching for Las Vegas Flamingos : RHP Melvin Haney
Batting: LHB Noel Ballard 0-0: Called Strike
0-1: Ball
1-1: Ball
2-1: Fly out, F7 (Flyball, 78D)
Batting: LHB Stanley Belote 0-0: Ground out 4-3 (Groundball, 4)
Batting: LHB Eddie Flynn 0-0: Ground out 4-3 (Groundball, 4)
Top of the 5th over - 0 run(s), 0 hit(s), 0 error(s), 0 left on base; Chicago 1 - Las Vegas 0
BOTTOM OF THE 5TH
Las Vegas Flamingos batting - Pitching for Chicago Gold Sox : RHP Javier Dávila
Batting: RHB Pepe Castroneves 0-0: Ball
1-0: Swinging Strike
1-1: Swinging Strike
1-2: Strikes out looking
Batting: RHB Sake van Arem 0-0: Ball
1-0: Called Strike
1-1: Swinging Strike
1-2: Strikes out swinging
Batting: LHB Roberto Salazar 0-0: Fly out, F4 (Line Drive, 4)
Bottom of the 5th over - 0 run(s), 0 hit(s), 0 error(s), 0 left on base; Chicago 1 - Las Vegas 0
TOP OF THE 6TH
Chicago Gold Sox batting - Pitching for Las Vegas Flamingos : RHP Melvin Haney
Batting: LHB Melvin Castro 0-0: Ball
1-0: Ball
2-0: Called Strike
2-1: Ball
3-1: Base on Balls
Batting: LHB Joe Cashmore 0-0: Ball
1-0: Swinging Strike
1-1: Called Strike
1-2: Strikes out swinging
Batting: LHB Naohiro Sakai 0-0: SINGLE (Line Drive, 34D)
Melvin Castro to second
Batting: LHB Arthur Ryan 0-0: Called Strike
0-1: Ball
1-1: Ground out 5-3 (Groundball, 5L)
Melvin Castro to third
Naohiro Sakai to second
Batting: RHB Ángel Rivera 0-0: Ball
1-0: Called Strike
1-1: Foul Ball, location: 2F
1-2: Foul Ball, location: 2F
1-2: Ball
2-2: Strikes out swinging
Top of the 6th over - 0 run(s), 1 hit(s), 0 error(s), 2 left on base; Chicago 1 - Las Vegas 0
BOTTOM OF THE 6TH
Las Vegas Flamingos batting - Pitching for Chicago Gold Sox : RHP Javier Dávila
Batting: LHB Victor Adams 0-0: Swinging Strike
0-1: Ball
1-1: Ball
2-1: Ground out 6-3 (Groundball, 6)
Batting: LHB Chris McKinney 0-0: Ball
1-0: Foul Ball, location: 2F
1-1: Foul Ball, location: 2F
1-2: Strikes out swinging
Batting: RHB Xavier Hernández 0-0: SINGLE (Line Drive, 89S)
Batting: LHB José Alonso 0-0: Ball
1-0: Ball
2-0: Ball
3-0: Called Strike
3-1: Fielders Choice at 2nd, 4-6 (Groundball, 4)
Bottom of the 6th over - 0 run(s), 1 hit(s), 0 error(s), 0 left on base; Chicago 1 - Las Vegas 0
TOP OF THE 7TH
Chicago Gold Sox batting - Pitching for Las Vegas Flamingos : RHP Melvin Haney
Pitching: LHP Shunen Takahashi
Batting: LHB Ricardo Collazo 0-0: SINGLE (Groundball, 34D)
Pinch Hitting: SHB Lupo Cotto 0-0: Ball
1-0: Ball
2-0: Called Strike
2-1: Ball
3-1: Foul Ball, location: 2F
3-2: Fly out, F2 (Popup, 2L)
Batting: LHB Stanley Belote 0-0: Ball
1-0: Called Strike
1-1: Ground out U3 (Groundball, 34S)
Ricardo Collazo to second
Batting: LHB Eddie Flynn 0-0: Ball
1-0: Swinging Strike
1-1: Called Strike
1-2: Foul Ball, location: 2F
1-2: Foul Ball, location: 2F
1-2: Strikes out looking
Top of the 7th over - 0 run(s), 1 hit(s), 0 error(s), 1 left on base; Chicago 1 - Las Vegas 0
BOTTOM OF THE 7TH
Las Vegas Flamingos batting - Pitching for Chicago Gold Sox : RHP Javier Dávila
Now at 2B: Matt Love
Batting: RHB Jeff Young 0-0: Ground out 6-3 (Groundball, 56)
Batting: SHB Kunimichi Chikafuji 0-0: Called Strike
0-1: Ball
1-1: Ground out U3 (Groundball, 3)
Batting: RHB Pepe Castroneves 0-0: Ball
1-0: Swinging Strike
1-1: Foul Ball, location: 2F
1-2: Fly out, F6 (Line Drive, 56)
Bottom of the 7th over - 0 run(s), 0 hit(s), 0 error(s), 0 left on base; Chicago 1 - Las Vegas 0
TOP OF THE 8TH
Chicago Gold Sox batting - Pitching for Las Vegas Flamingos : LHP Shunen Takahashi
Batting: LHB Melvin Castro 0-0: Ball
1-0: Called Strike
1-1: Fly out, F5 (Popup, 5D)
Batting: LHB Joe Cashmore 0-0: Called Strike
0-1: Ball
1-1: Ball
2-1: Ball
3-1: Base on Balls
Batting: LHB Naohiro Sakai 0-0: Foul Ball, location: 2F
0-1: Ball
1-1: Foul Ball, location: 2F
1-2: Ball
2-2: Ball
3-2: Foul Ball, location: 2F
3-2: Strikes out swinging
Pinch Hitting: LHB Roberto Veliz 0-0: Called Strike
0-1: Ball
1-1: Called Strike
1-2: Ball
2-2: Ground out 4-3 (Groundball, 34)
Top of the 8th over - 0 run(s), 0 hit(s), 0 error(s), 1 left on base; Chicago 1 - Las Vegas 0
BOTTOM OF THE 8TH
Las Vegas Flamingos batting - Pitching for Chicago Gold Sox : RHP Javier Dávila
Now in LF: Roberto Veliz
Batting: RHB Sake van Arem 0-0: Ball
1-0: Called Strike
1-1: SINGLE (Groundball, 34D)
Batting: LHB Roberto Salazar 0-0: Ball
1-0: Sac Bunt - play at first, batter OUT! 1-4
Sake van Arem to second
Batting: LHB Victor Adams 0-0: Ball
1-0: Foul Ball, location: 2F
1-1: Foul Ball, location: 2F
1-2: Ball
2-2: Strikes out looking
Batting: LHB Chris McKinney 0-0: Ball
1-0: Fly out, F7 (Flyball, 7LS)
Bottom of the 8th over - 0 run(s), 1 hit(s), 0 error(s), 1 left on base; Chicago 1 - Las Vegas 0
TOP OF THE 9TH
Chicago Gold Sox batting - Pitching for Las Vegas Flamingos : LHP Shunen Takahashi
Pitching: RHP Enrique García
Batting: RHB Ángel Rivera 0-0: Called Strike
0-1: Ball
1-1: Ball
2-1: Foul Ball, location: 2F
2-2: Strikes out swinging
Batting: LHB Ricardo Collazo 0-0: Called Strike
0-1: Foul Ball, location: 2F
0-2: Ball
1-2: Ball
2-2: Fly out, F1 (Line Drive, 13)
Batting: RHB Matt Love 0-0: Ball
1-0: Ball
2-0: Called Strike
2-1: Ground out 4-3 (Groundball, 4)
Top of the 9th over - 0 run(s), 0 hit(s), 0 error(s), 0 left on base; Chicago 1 - Las Vegas 0
BOTTOM OF THE 9TH
Las Vegas Flamingos batting - Pitching for Chicago Gold Sox : RHP Javier Dávila
Batting: RHB Xavier Hernández 0-0: Ground out 4-3 (Groundball, 4S)
Batting: LHB José Alonso 0-0: Ball
1-0: Foul Ball, location: 2F
1-1: Swinging Strike
1-2: Hit by Pitch
Batting: RHB Jeff Young 0-0: Ball
1-0: Grounds into double play, 6-4-3 (Groundball, 6)
Bottom of the 9th over - 0 run(s), 0 hit(s), 0 error(s), 0 left on base; Chicago 1 - Las Vegas 0
Saturday, May 26th, 2018 - OOTP Baseball 17.12 Build 75